 Dungeon Crawl Stone Soup version 0.17-a0-995-gb5fa8d7 (webtiles) character file.

52 inmateoo the Vexing (level 3, -1/14 HPs)
             Began as a Felid Enchanter on May 12, 2015.
             Slain by an orc
             ... wielding a +0 trident
              (9 damage)
             ... on level 3 of the Dungeon.
             The game lasted 00:02:30 (2275 turns).

inmateoo the Vexing (Felid Enchanter)               Turns: 2275, Time: 00:02:30

Health: -1/14      AC:  1    Str:  4    XL:     3   Next: 60%
Magic:  7/7        EV: 18    Int: 17    God:
Gold:   75         SH:  0    Dex: 16    Spells: 2 memorised, 3 levels left
                                        Lives:  0   Deaths: 0

rFire  . . .     SeeInvis +       - Unarmed
rCold  . . .     Clarity  .     (armour unavailable)
rNeg   . . .     SustAb   .     (shield unavailable)
rPois  .         Gourm    .     (helmet unavailable)
rElec  .         Spirit   .     (cloak unavailable)
rCorr  .         Warding  .     (gloves unavailable)
rMut   .         Stasis   .     (boots unavailable)
MR     .....                    (no amulet)
Stlth  ++++......               (no ring)
                                (no ring)

@: quick, not resistant to hostile enchantments, stealthy
A: no armour, no weapons or thrown items, claws 1, fangs 3, see invisible,
carnivore 3, speed 1, shaggy fur 1, slow metabolism 1, sharp paws
a: no special abilities


You were on level 3 of the Dungeon.
You were full.

You visited 1 branch of the dungeon, and saw 3 of its levels.

You collected 75 gold pieces.

Inventory:

Scrolls
 d - 2 scrolls of identify {unknown}
 e - a scroll of fog {unknown}
 f - 3 scrolls of teleportation {unknown}
 i - a scroll of blinking {unknown}
 j - a scroll of remove curse {unknown}
 k - a scroll of enchant weapon {unknown}
 l - a scroll of amnesia {unknown}
Potions
 g - a potion of curing {unknown}
 h - a potion of lignification {unknown}
Books
 a - a book of Maledictions

   Spells                             Type                      Level
   a - Corona                         Hexes                        1
   b - Ensorcelled Hibernation        Hexes/Ice                    2
   c - Confuse                        Hexes                        3
   d - Tukima's Dance                 Hexes                        3
   e - Dazzling Spray                 Conjuration/Hexes            3
Comestibles
 b - 2 meat rations
 c - a beef jerky


   Skills:
 + Level 3.1 Dodging
 + Level 4.5 Stealth
 * Level 2.0 Unarmed Combat
 + Level 2.2 Spellcasting
 * Level 5.1 Hexes


You had 3 spell levels left.
You knew the following spells:

 Your Spells              Type           Power        Failure   Level  Hunger
a - Corona                Hex            ###....      2%          1    #......
b - Ensorcelled Hibernat  Hex/Ice        ##....       12%         2    ###....


Dungeon Overview and Level Annotations

Branches:
Dungeon (3/15)

Altars:


Innate Abilities, Weirdness & Mutations

You cannot wear armour.
You are incapable of wielding weapons or throwing items.
You have sharp claws.
You have razor-sharp teeth.
You have supernaturally acute eyesight.
You are carnivorous and can eat meat at any time.
You cover ground quickly.
You are covered in fur (AC +1).
You have a slow metabolism.
Your sharp claws are effective at attacking unaware monsters.


Message History

You claw the kobold!
You kill the kobold!
The rat misses you.
You scratch the rat.
You kill the rat!
You see here a rat corpse.
Your magical contamination has completely faded away.
l - a scroll labeled SINLUFAXEW You start resting.
Magic restored.
There is an open door here.
You open the door.
A rat and an orc come into view.
Found 11 gold pieces.
There is an open door here.
The rat bites you.
The orc shouts!
You closely miss the orc. The orc hits you with a trident!
Ouch! That really hurt!
You die...

#########
####(......#
###....# ##...##'#
#..###..#
#.##o#..#
#.'@$#..#
#.##r#†.#
#..###[)# #.
##...#### ###...
###....##+##......
###.........#
#...#.....#
##.###.##.#
#.###†# #


You could see an orc and a rat.

Vanquished Creatures
  An adder (D:2)
  An ooze (D:1)
  A worm (D:2)
  A giant gecko (D:2)
  6 bats
  3 goblins
  4 hobgoblins
  2 jackals (D:3)
  A quokka (D:2)
  4 giant newts
  6 kobolds
  6 rats
36 creatures vanquished.

Notes
Turn   | Place    | Note
--------------------------------------------------------------
     0 | D:1      | inmateoo the Felid Enchanter began the quest for the Orb.
     0 | D:1      | Reached XP level 1. HP: 7/7 MP: 4/4
   501 | D:1      | Reached XP level 2. HP: 11/11 MP: 6/6
   514 | D:1      | Learned a level 2 spell: Ensorcelled Hibernation
  1403 | D:2      | Reached XP level 3. HP: 8/14 MP: 0/7
  1697 | D:2      | Reached skill level 5 in Hexes
  1982 | D:2      | You fall through a shaft!
  2275 | D:3      | Slain by an orc

Vault maps used:
D:1:      lightli_arrival_isolated_outpost, serial_forest,
          infiniplex_forest_clump_tiny, infiniplex_forest_pool,
          infiniplex_forest_clump_C, infiniplex_forest_3_way,
          infiniplex_forest_lined_2, infiniplex_forest_clump_double,
          infiniplex_forest_diagonal
D:2:      uniq_terence, uniq_sigmund
D:3:      old_standard_altar, first_bread, interstate_on_off,
          minmay_divided_ellipse, uniq_iyjb

Action                   || total
-------------------------++-------
Melee: Unarmed           ||   111
 Cast: Ensorcelled Hiber ||    10
       Corona            ||     1
 Stab: Sleeping          ||    15
       Distracted        ||     1
  Eat: Chunk             ||     7
